 Dungeon Crawl Stone Soup version 0.21.1-1-g345015f (webtiles) character file.

5040 Monsterracer the Grappler (level 10, -6/52 HPs)
             Began as an Octopode Chaos Knight on Apr 20, 2018.
             Shot with an arrow by a centaur (10 damage)
             ... on level 9 of the Dungeon.
             The game lasted 00:19:13 (12110 turns).

Monsterracer the Grappler (Octopode Chaos Knight)  Turns: 12110, Time: 00:19:14

Health: -6/52      AC:  2    Str: 18    XL:     10   Next: 55%
Magic:  12/12      EV: 15    Int: 18    God:    Xom [*.....]
Gold:   553        SH:  0    Dex: 11    Spells: 12/16 levels left

rFire    . . .     SeeInvis .     - Unarmed
rCold    . . .     Gourm    .   (no shield)
rNeg     + . .     Faith    +   (helmet restricted)
rPois    .         Spirit   .   s - amulet of faith
rElec    .         Reflect  .   k - ring "Haomef" {rN+ Str+6}
rCorr    .         Harm     .   (no ring)
MR       .....                  (no ring)
Stlth    ++++......             (no ring)
HPRegen  0.17/turn              (no ring)
MPRegen  0.13/turn              (no ring)
                                (no ring)
                                (no ring)

@: no status effects
A: almost no armour, stealthy swim, amphibious, 8 rings, constrict 8, camouflage
1, blurry vision 1, frail 2, low mp 2, screaming 1, shaggy fur 1, gelatinous
body 1
a: Renounce Religion


You were on level 9 of the Dungeon.
You worshipped Xom.
You were a special plaything of Xom.
You were not hungry.

You visited 1 branch of the dungeon, and saw 9 of its levels.

You collected 553 gold pieces.

Inventory:

Hand Weapons
 b - the +4 trident of Woycvom {elec, *Corrode rElec rN+ Dex+8 Stlth+, !a}
   (You found it on level 6 of the Dungeon)

   Occasionally, upon striking a foe, it will discharge some electrical energy
   and cause terrible harm.
   It affects your dexterity (+8).
   It insulates you from electricity.
   It protects you from negative energy.
   It may corrode you when you take damage.
   It makes you more stealthy.
Jewellery
 k - the ring "Haomef" (left tentacle) {rN+ Str+6}
   (You found it on level 6 of the Dungeon)

   [ring of positive energy]

   It affects your strength (+6).
   It protects you from negative energy.
 s - an amulet of faith (around mantle)
Wands
 i - a wand of paralysis (10)
 j - a wand of flame (31)
Scrolls
 a - 6 scrolls of amnesia
 l - 7 scrolls of teleportation
 m - a scroll of blinking
 q - 6 scrolls of remove curse
 r - 3 scrolls of enchant armour
Potions
 d - 3 potions of magic {unknown}
 e - a potion of ambrosia {!q}
 f - 2 potions of might
 g - 4 potions of heal wounds
 h - 2 potions of curing
 n - 2 potions of invisibility {unknown}
 o - a potion of haste
 p - a potion of berserk rage {unknown}
 t - a potion of cancellation {unknown}
Comestibles
 c - 8 rations


   Skills:
 + Level 5.5 Fighting
 + Level 5.2 Dodging
 + Level 4.8 Stealth
 * Level 9.1 Unarmed Combat
 + Level 3.8 Spellcasting
 * Level 6.1 Transmutations
 + Level 4.2 Ice Magic
 + Level 5.1 Evocations


You had 12 spell levels left.
You knew the following spells:

 Your Spells              Type           Power        Failure   Level  Hunger
a - Ice Form              Ice/Tmut       ###.....     17%         4    ####...


Dungeon Overview and Level Annotations

Branches:
Dungeon (9/15)             Temple (0/1) D:7
   Lair: D:8-11         Orc: D:9-12

Altars:
Ashenzari
Cheibriados
Fedhas
Gozag
Kikubaaqudgha
Makhleb
Qazlal
Ru
Trog
Uskayaw
Wu Jian
Zin


Innate Abilities, Weirdness & Mutations

You cannot wear most types of armour.
You are very stealthy in the water. (Stealth+)
You are amphibious.
You can wear up to eight rings at the same time.
You can use your tentacles to constrict eight enemies at once.
Your skin changes colour to match your surroundings (Stealth+).
Your rubbery body absorbs attacks. (AC +1, EV +1)
Scrolls take you a little longer to read.
You are very frail. (-20% HP)
Your magical capacity is very low. (-20% MP)
You occasionally shout uncontrollably at your foes.
You are covered in fur. (AC +1)


Message History

You shout for attention!
Health restored: 52 The wyvern skeleton barely misses you.
You barely miss the wyvern skeleton. The wyvern skeleton closely misses you.
You tentacle-slap the wyvern skeleton but do no damage.
You squeeze the wyvern skeleton!
The wyvern skeleton is moderately damaged.
The wyvern skeleton barely misses you.
You bludgeon the wyvern skeleton! You squeeze the wyvern skeleton.
The wyvern skeleton is heavily damaged.
The wyvern skeleton closely misses you.
You completely miss the wyvern skeleton.
You tentacle-slap the wyvern skeleton.
The wyvern skeleton is severely damaged.
The wyvern skeleton completely misses you.
The wyvern skeleton bites you!
You take 8 damage, and have 44/52 hp.
You barely miss the wyvern skeleton. You squeeze the wyvern skeleton!
The wyvern skeleton is almost destroyed.
The wyvern skeleton barely misses you.
You tentacle-slap the wyvern skeleton.
You destroy the wyvern skeleton!
You start resting.
HP restored.
Health restored: 52
Found 22 arrows.
You see here 22 arrows.
You now have 518 gold pieces (gained 11).
n - 2 sedimented cyan potions (gained 1)
You open the door.
There is an open door here.
You now have 539 gold pieces (gained 21).
You now have 553 gold pieces (gained 14).
You open the door.
There is an open door here.
You open the door.
There is an open door here.
As you open the door, it creaks loudly!
You hear an angry hiss.
An adder skeleton comes into view.
There is an open door here.
Casting: Ice Form
Confirm with . or Enter, or press ? or * to list all spells.
Okay, then.
An adder skeleton is nearby!
An adder skeleton is nearby!
You tentacle-slap the adder skeleton but do no damage.
Your grab misses the adder skeleton. The adder skeleton bites you.
You take 3 damage, and have 49/52 hp.
You bludgeon the adder skeleton!
You destroy the adder skeleton!
No target in view!
An adder comes into view.
An adder is nearby!
The adder closely misses you.
You bludgeon the adder!
You kill the adder!
No target in view!
You open the door.
Found a dagger.
There is an open door here.
Health restored: 52 No target in view!
Found 23 stones.
You found a teleport trap!
A black bear comes into view.
A black bear is nearby!
The black bear growls angrily.
The black bear bites you. The black bear claws you.
The black bear closely misses you.
You take 9 damage, and have 43/52 hp.
You tentacle-slap the black bear but do no damage.
You grab the black bear. You constrict the black bear.
The black bear bites you but does no damage.
The black bear claws you. x2
You bludgeon the black bear!
The black bear is severely wounded.
You constrict the black bear. The black bear bites you.
The black bear claws you. x2
You take 10 damage, and have 33/52 hp.
You are too injured to fight recklessly!
You completely miss the black bear.
You kill the black bear!
A centaur comes into view.
The centaur wields a shortbow.
The centaur shoots an arrow.
The arrow hits you!
* * * LOW HITPOINT WARNING * * *
Things that are here:
an arrow; a black bear corpse You take 9 damage, and have 24/52 hp.
The centaur shoots an arrow.
The arrow closely misses you.
Unknown command.
The centaur shoots an arrow.
The arrow barely misses you.
The centaur unwields an uncursed shortbow.
The centaur hits you!
* * * LOW HITPOINT WARNING * * *
You take 9 damage, and have 15/52 hp.
The centaur wields an uncursed shortbow.
The centaur shoots an arrow.
The arrow hits you!
* * * LOW HITPOINT WARNING * * *
The centaur shoots an arrow.
The arrow hits you!
You die...

#..............#
#..............#
#..............#
........#
######+#############
...................
................c#
.....(...........#
..#####.........@#
...^.............#...
...........$.((.......
######################


You could see a centaur.

Vanquished Creatures
  Erica (D:8)
  A two-headed ogre (D:8)
  Maurice (D:8)
  A wyvern (D:8)
  A hungry ghost (D:8)
  Menkaure (D:4)
  2 orc warriors
  2 sky beasts
  2 black bears
  4 ogres
  2 phantoms
  2 centaurs
  6 bullfrogs
  A scorpion (D:9)
  A wyvern skeleton (D:9)
  5 howler monkeys
  3 crimson imps
  2 quasits
  6 orc priests
  2 bullfrog zombies
  A centaur skeleton (D:4)
  A hound (D:7)
  3 orc wizards
  3 iguanas
  2 worker ants
  Robin (D:4)
  8 gnolls (D:7)
  9 adders
  A howler monkey skeleton (D:7)
  2 oozes
  3 adder skeletons
  4 dart slugs
  7 leopard geckos
  23 orcs
  A ball python (D:3)
  2 giant cockroaches
  18 goblins
  15 hobgoblins
  7 jackals
  7 quokkas
  2 bats
  6 frilled lizards
  3 kobolds
  A quokka zombie (D:6)
  6 rats
182 creatures vanquished.

Vanquished Creatures (collateral kills)
  The ghost of sankara the Cutter, an amateur KoBe of Trog (D:6)
  A hungry ghost (D:8)
  2 orcs (D:9)
4 creatures vanquished.

Grand Total: 186 creatures vanquished

Notes
Turn   | Place    | Note
-------+----------+-------------------------------------------
     0 | D:1      | Monsterracer the Octopode Chaos Knight began the quest for the Orb.
     0 | D:1      | Reached XP level 1. HP: 16/16 MP: 1/1
   118 | D:1      | Reached skill level 1 in Stealth
   131 | D:1      | Reached XP level 2. HP: 17/21 MP: 2/2
   224 | D:1      | XOM: harmless Necr miscast
   946 | D:2      | XOM: potion effect (haste)
   955 | D:1      | Reached skill level 4 in Unarmed Combat
   955 | D:1      | Reached XP level 3. HP: 18/26 MP: 3/3
  1229 | D:2      | Reached XP level 4. HP: 31/31 MP: 4/4
  1267 | D:2      | Found a shattered altar of Ashenzari.
  1285 | D:2      | HP: 15/31 [adder (2)]
  1290 | D:2      | HP: 13/31 [poisoned by an adder]
  1298 | D:2      | HP: 12/31 [poisoned by an adder]
  1308 | D:2      | XOM: divination: detect items
  1402 | D:2      | XOM is BORED!
  1402 | D:2      | XOM: harmless Hex miscast
  1664 | D:2      | XOM: harmless Tmut miscast
  1772 | D:2      | XOM: harmless Summ miscast
  2237 | D:3      | XOM: potion effect (haste)
  2265 | D:3      | HP: 13/31 [orc/dagger (5)]
  2266 | D:3      | XOM: potion effect (invisibility)
  2267 | D:2      | XOM: potion effect (heal wounds)
  2269 | D:2      | Reached XP level 5. HP: 36/36 MP: 5/5
  2272 | D:2      | Reached skill level 5 in Unarmed Combat
  2793 | D:4      | Noticed a phantom
  2814 | D:4      | HP: 18/36 [quokka (4)]
  2824 | D:4      | HP: 16/36 [phantom (1)]
  2835 | D:4      | HP: 10/36 [phantom (7)]
  2844 | D:4      | Killed a phantom
  2844 | D:4      | Reached XP level 6. HP: 13/42 MP: 6/6
  3012 | D:4      | XOM: harmless Tmut miscast
  3102 | D:4      | HP: 19/42 [iguana (15)]
  3228 | D:4      | XOM: divination: detect creatures
  3308 | D:4      | Noticed Menkaure
  3476 | D:4      | XOM: scenery: 3 doors close
  3658 | D:4      | Noticed Robin
  3681 | D:4      | Reached skill level 6 in Unarmed Combat
  3760 | D:4      | XOM: noise
  3770 | D:4      | Killed Robin
  3947 | D:4      | XOM is BORED!
  3947 | D:4      | XOM: mild Summ miscast
  4023 | D:4      | Found a blossoming altar of Fedhas.
  4024 | D:4      | Found a bloodstained altar of Trog.
  4024 | D:4      | Found a snail-covered altar of Cheibriados.
  4072 | D:4      | XOM: silly message
  4089 | D:4      | XOM: potion effect (might)
  4097 | D:4      | Reached skill level 1 in Evocations
  4097 | D:4      | Reached XP level 7. HP: 46/46 MP: 7/7
  4178 | D:4      | XOM: harmless Summ miscast
  4398 | D:4      | XOM: divination: detect creatures
  4557 | D:4      | XOM: god gift: box of beasts
  4571 | D:4      | Killed Menkaure
  4584 | D:4      | XOM: give mutations
  4584 | D:4      | Gained mutation: Your magical capacity is low. (-10% MP) [Xom's mischief]
  4584 | D:4      | Gained mutation: You are frail. (-10% HP) [Xom's mischief]
  4584 | D:4      | Gained mutation: You are dopey. (Int -2) [Xom's mischief]
  4633 | D:4      | XOM: summons 3 hostile demons
  4640 | D:4      | HP: 17/42 [iron imp[Xom] (11)]
  4640 | D:4      | XOM: butterfly on damage
  4730 | D:4      | XOM: harmless Hex miscast
  4881 | D:4      | HP: 21/42 [poisoned by a worker ant]
  4887 | D:4      | HP: 16/42 [poisoned by a worker ant]
  4893 | D:4      | HP: 14/42 [poisoned by a worker ant]
  4901 | D:4      | HP: 13/42 [poisoned by a worker ant]
  4909 | D:4      | HP: 12/42 [poisoned by a worker ant]
  5187 | D:5      | Entered Level 5 of the Dungeon
  5212 | D:5      | Reached skill level 7 in Unarmed Combat
  5238 | D:5      | XOM: silly message
  5245 | D:5      | XOM: swap monsters
  5279 | D:5      | XOM: harmless Fire miscast
  5313 | D:5      | XOM: noise
  5317 | D:5      | HP: 17/42 [ogre/giant club (16)]
  5319 | D:5      | Reached XP level 8. HP: 19/48 MP: 7/9
  5423 | D:5      | Found a bloodstained altar of Trog.
  5530 | D:5      | Found a stormy altar of Qazlal.
  5580 | D:5      | XOM is BORED!
  5601 | D:5      | XOM: medium Conj miscast
  6057 | D:5      | XOM: give mutation
  6057 | D:5      | Gained mutation: You are very frail. (-20% HP) [Xom's mischief]
  6812 | D:6      | Got a crude trident
  6820 | D:6      | XOM: enchant monster (good)
  6853 | D:6      | XOM: god gift: scroll of teleportation
  6868 | D:6      | Identified the +4 trident of Woycvom {elec, *Corrode rElec rN+ Dex+8 Stlth+} (You found it on level 6 of the Dungeon)
  7036 | D:6      | Found an ancient bone altar of Kikubaaqudgha.
  7062 | D:6      | Found a sacrificial altar of Ru.
  7243 | D:6      | XOM: divination: detect creatures
  7257 | D:6      | Noticed sankara's ghost (amateur KoBe)
  7393 | D:6      | Killed sankara's ghost
  7490 | D:6      | Got a crude brass ring
  7496 | D:6      | Identified the ring "Haomef" {rN+ Str+6} (You found it on level 6 of the Dungeon)
  7631 | D:6      | HP: 18/43 [centaur (8)]
  7632 | D:6      | Reached skill level 8 in Unarmed Combat
  7831 | D:6      | XOM: cloud trail
  7906 | D:7      | HP: 9/43 [ogre/giant club (31)]
  8118 | D:7      | XOM: confuse monster(s)
  8143 | D:7      | XOM: divination: magic mapping
  8175 | D:7      | XOM: potion effect (brilliance)
  8198 | D:6      | XOM: mild Air miscast
  8334 | D:7      | Reached skill level 5 in Fighting
  8474 | D:7      | HP: 18/44 [gnoll (9)]
  8487 | D:7      | Learned a level 4 spell: Ice Form
  8679 | D:7      | Reached XP level 9. HP: 48/48 MP: 10/10
  8722 | D:7      | HP: 18/48 [phantom (9)]
  8727 | D:7      | HP: 11/48 [phantom (8)]
  8746 | D:7      | XOM: noise
  8785 | D:7      | XOM: divination: magic mapping
  8823 | D:7      | XOM: mild Air miscast
  8823 | D:7      | HP: 18/48 [something (9)]
  9069 | D:7      | Found a glowing silver altar of Zin.
  9069 | D:7      | Found a burning altar of Makhleb.
  9069 | D:7      | XOM: 6-stop teleportation journey
  9070 | D:7      | Noticed a cacodemon
  9070 | D:7      | Noticed an angel
  9103 | D:7      | XOM: cloud trail
  9126 | D:7      | Reached skill level 5 in Dodging
  9228 | D:7      | HP: 24/48 [sky beast (5)]
  9252 | D:7      | XOM: divination: detect items
  9384 | D:7      | XOM: smoke on damage
  9391 | D:7      | Reached skill level 9 in Unarmed Combat
  9478 | D:7      | Found an ornate altar of the Wu Jian Council.
  9804 | D:7      | Found a staircase to the Ecumenical Temple.
  9820 | D:8      | Noticed Erica
  9824 | D:8      | XOM: summons friendly crimson imp
  9826 | D:8      | XOM: enchant monster (good)
  9832 | D:8      | Killed Erica
  9832 | D:8      | Reached skill level 1 in Spellcasting
  9847 | D:8      | XOM: give mutations
  9847 | D:8      | Gained mutation: Scrolls take you a little longer to read. [Xom's mischief]
  9847 | D:8      | Lost mutation: You are dopey. (Int -2) [Xom's mischief]
  9847 | D:8      | Gained mutation: Your magical capacity is very low. (-20% MP) [Xom's mischief]
  9847 | D:8      | Lost mutation: You are very frail. (-20% HP) [Xom's mischief]
  9932 | D:8      | XOM: polymorph crimson imp -> quasit
  9995 | D:8      | XOM: medium Necr miscast
  9995 | D:8      | HP: 13/54 [something (29)]
  9998 | D:8      | HP: 5/81 [centaur/uncursed long sword (4)]
 10067 | D:8      | HP: 10/54 [bullfrog zombie (4)]
 10097 | D:8      | XOM: 4-stop teleportation journey
 10181 | D:8      | XOM: medium Conj miscast
 10181 | D:8      | HP: 14/54 [something (16)]
 10418 | D:8      | Noticed Maurice
 10429 | D:8      | XOM: enchant monster (bad)
 10445 | D:8      | Reached XP level 10. HP: 37/59 MP: 11/11
 10447 | D:8      | HP: 28/59 [orc wizard/puff of frost (7)]
 10644 | D:8      | Killed Maurice
 10646 | D:8      | Reached skill level 5 in Transmutations
 10717 | D:8      | XOM: give mutations
 10717 | D:8      | Lost mutation: Scrolls take you a little longer to read. [Xom's mischief]
 10717 | D:8      | Gained mutation: You have supernaturally acute eyesight. (SInv) [Xom's mischief]
 10717 | D:8      | Gained mutation: You are very frail. (-20% HP) [Xom's mischief]
 10801 | D:8      | Noticed a two-headed ogre
 10813 | D:8      | Found an opulent altar of Gozag.
 10813 | D:8      | Found a hide-covered altar of Uskayaw.
 10832 | D:8      | XOM: butterfly on damage
 10834 | D:8      | HP: 18/52 [two-headed ogre/giant club (15)]
 10854 | D:8      | Killed a two-headed ogre
 10931 | D:8      | HP: 23/52 [hungry ghost (4)]
 10984 | D:8      | XOM is BORED!
 10984 | D:8      | XOM: noise
 11123 | D:8      | XOM: cloud trail
 11163 | D:8      | Paralysed by you for 2 turns
 11334 | D:8      | XOM: give mutations
 11334 | D:8      | Gained mutation: You occasionally shout uncontrollably at your foes. [Xom's mischief]
 11334 | D:8      | Lost mutation: You have supernaturally acute eyesight. (SInv) [Xom's mischief]
 11334 | D:8      | Gained mutation: Scrolls take you a little longer to read. [Xom's mischief]
 11334 | D:8      | Gained mutation: You are covered in fur. (AC +1) [Xom's mischief]
 11480 | D:9      | XOM: chaos upgrade
 11482 | D:9      | HP: 20/62 [orc warrior/halberd of chaos (16)]
 11486 | D:9      | XOM: enchant monster (good)
 11491 | D:9      | HP: 20/62 [something (2)]
 11512 | D:9      | HP: 7/62 [orc warrior/halberd of chaos (15)]
 11517 | D:9      | Reached skill level 5 in Evocations
 11875 | D:9      | XOM: 1-stop teleportation journey
 12106 | D:9      | HP: 24/52 [centaur/arrow (9)]
 12110 | D:9      | HP: 4/52 [centaur/arrow (12)]
 12110 | D:9      | Shot with an arrow by a centaur

Skill      XL: |  1  2  3  4  5  6  7  8  9 10 |
---------------+-------------------------------+-----
Stealth        | 1 2 3 4 |  4.8
Unarmed Combat | 4 5 6 7 8 9 |  9.1
Evocations     | 1 2 4 5 |  5.1
Dodging        | 3 4 5 |  5.2
Fighting       | 4 5 |  5.5
Spellcasting   | 2 3 |  3.8
Transmutations | 4 6 |  6.1
Ice Magic      | 2 4 |  4.2

Action                   |  1- 3 |  4- 6 |  7- 9 | 10-12 || total
-------------------------+-------+-------+-------+-------++-------
Melee: Unarmed           |    46 |   165 |   248 |    73 ||   532
       Constrict         |    12 |    36 |    49 |    14 ||   111
       Tentacles         |     5 |    23 |    55 |    14 ||    97
       Punch             |     2 |     4 |    11 |     5 ||    22
 Cast: Ice Form          |       |       |       |     1 ||     1
Evoke: Wand              |       |     3 |     2 |     6 ||    11
       Box of beasts     |       |       |     1 |       ||     1
  Use: Scroll            |       |     8 |    10 |       ||    18
       Potion            |       |       |     1 |       ||     1
 Stab: Sleeping          |     3 |     8 |    10 |     2 ||    23
       Invisible         |       |     1 |       |       ||     1
       Paralysed         |       |     4 |     2 |     6 ||    12
       Petrifying        |       |       |     1 |       ||     1
       Distracted        |       |       |     3 |     1 ||     4
  Eat: Chunk             |     1 |     9 |    14 |     4 ||    28
       Ration            |       |       |     2 |     1 ||     3
Armor: Skin              |     2 |    12 |    18 |     3 ||    35
Dodge: Dodged            |    20 |   101 |   133 |    41 ||   295

Vault maps used:
D:1:      minmay_arrival_four_circles, minmay_misc_feat_four_crosses
D:2:      nicolae_overflow_crystal_walls
D:3:      first_ration, hangedman_decor_riveting
D:4:      kennysheep_goblin_castle, grunt_temple_overflow_open, st_stairs_12,
          uniq_menkaure
D:5:      nicolae_qazlal_general_emergency, trog_hazing_becter
D:6:      kennysheep_mini, nicolae_ru_path_of_blood
D:7:      grunt_temple_overflow_order_and_chaos_2, lemuel_round_altar,
          minmay_temple_entry_butterflies
D:8:      gammafunk_temple_overflow_elements, uniq_erica, uniq_maurice
D:9:      minmay_goldmine, wad_floor_pattern_2
